 Dungeon Crawl Stone Soup version 0.18-a0-1789-gbeff17f (webtiles) character file.

8540 nubinia the Thaumaturge (level 11, -1/57 HPs)
             Began as a High Elf Wizard on Apr 21, 2016.
             Was a High Priest of Sif Muna.
             Slain by an eight-headed hydra (4 damage)
             ... on level 1 of the Lair of Beasts.
             The game lasted 03:11:42 (12127 turns).

nubinia the Thaumaturge (High Elf Wizard)          Turns: 12127, Time: 03:11:43

Health: -1/57      AC:  8    Str:  6    XL:     11   Next: 11%
Magic:  34/35      EV: 18    Int: 24    God:    Sif Muna [*****.]
Gold:   553        SH:  0    Dex: 16    Spells: 7 memorised, 15 levels left

rFire  . . .     SeeInvis .     b - +4 shortbow (flame)
rCold  . . .     Gourm    .     s - +2 robe {rN+}
rNeg   + . .     Faith    .     (shield currently unavailable)
rPois  .         Spirit   .     y - +2 helmet
rElec  .         Dismiss  .     (no cloak)
rCorr  .         Reflect  .     (no gloves)
SustAt .         Harm     .     i - +0 pair of boots
MR     +....                    w - amulet of magic regeneration
Stlth  +++.......               F - ring of magical power
                                m - +2 ring of evasion

@: repel missiles, somewhat resistant to hostile enchantments, fairly stealthy
A: frail 1
a: Channel Energy, Forget Spell, Renounce Religion


You were on level 1 of the Lair of Beasts.
You worshipped Sif Muna.
Sif Muna was extremely pleased with you.
You were not hungry.

You visited 3 branches of the dungeon, and saw 10 of its levels.
You also visited: Ossuary.

You collected 553 gold pieces.

Inventory:

Hand Weapons
 a - a +2 dagger of freezing
 b - a +4 shortbow of flaming (weapon)
 k - a +0 dagger
 t - a +0 dagger of venom
 P - the +5 hand crossbow "Yssajivi" {penet, rElec rPois Int-5 Stlth+}
   (You found it on level 8 of the Dungeon)

   Ammo fired by it will pass through the targets it hits, potentially hitting
   all targets in its path until it reaches maximum range.
   It affects your intelligence (-5).
   It insulates you from electricity.
   It protects you from poison.
   It makes you more stealthy.
Missiles
 f - 79 arrows (quivered)
Armour
 i - a +0 pair of boots (worn)
 p - a +0 helmet
 r - a +0 robe
 s - a +2 robe of positive energy (worn)
 y - a +2 helmet (worn)
 G - a +0 hat
Jewellery
 m - a +2 ring of evasion (left hand)
 w - an amulet of magic regeneration (around neck)
 C - an uncursed ring of flight
 F - a ring of magical power (right hand)
Wands
 D - a wand of iceblast (8/15)
Scrolls
 e - 2 scrolls of teleportation
 n - 2 scrolls of amnesia
 u - 4 scrolls of identify
 v - a scroll of recharging
 x - 2 scrolls of fog
 A - 7 scrolls of remove curse
 J - a scroll of enchant armour {unknown}
 K - a scroll of torment {unknown}
Potions
 o - 3 potions of ambrosia
 q - a potion of heal wounds
 z - 2 potions of agility
 E - a potion of flight
 H - a potion of curing
 I - a potion of brilliance {unknown}
 L - a potion of cancellation {unknown}
 M - 2 potions of might
 N - a potion of berserk rage {unknown}
 O - a potion of mutation
Books
 c - a book of Minor Magic

   Spells                             Type                      Level
   a - Magic Dart                     Conjuration                  1
   b - Blink                          Translocation                2
   c - Call Imp                       Summoning                    2
   d - Repel Missiles                 Charms/Air                   2
   e - Slow                           Hexes                        2
   f - Conjure Flame                  Conjuration/Fire             3
   g - Mephitic Cloud                 Conjuration/Poison/Air       3
 B - a book of Necromancy

   Spells                             Type                      Level
   a - Pain                           Necromancy                   1
   b - Animate Skeleton               Necromancy                   1
   c - Vampiric Draining              Necromancy                   3
   d - Regeneration                   Charms/Necromancy            3
   e - Animate Dead                   Necromancy                   4
   f - Control Undead                 Necromancy                   4
Comestibles
 d - 2 bread rations
 g - 3 slices of pizza
 h - 3 meat rations
 j - 13 fruits
 l - 2 beef jerkies


   Skills:
 + Level 1.9 Fighting
 + Level 2.4 Short Blades
 + Level 5.7 Bows
 + Level 6.0 Dodging
 + Level 5.5 Stealth
 * Level 10.2 Spellcasting
 * Level 7.1 Conjurations
 * Level 6.3 Charms
   Level 0.8 Summonings
 + Level 2.0 Necromancy
 * Level 6.4 Translocations
 * Level 6.1 Air Magic
 + Level 2.1 Invocations


You had 15 spell levels left.
You knew the following spells:

 Your Spells              Type           Power        Failure   Level  Hunger
a - Magic Dart            Conj           ####         1%          1    None
b - Blink                 Tloc           N/A          1%          2    None
c - Mephitic Cloud        Conj/Pois/Air  ####....     2%          3    None
d - Conjure Flame         Conj/Fire      ####....     3%          3    None
r - Repel Missiles        Chrm/Air       #####.       1%          2    None
R - Regeneration          Chrm/Necr      ####......   2%          3    None
S - Animate Skeleton      Necr           N/A          1%          1    None


Dungeon Overview and Level Annotations

Branches:
Dungeon (8/15)             Temple (1/1) D:5            Lair (1/8) D:8

Altars:
Ashenzari
Cheibriados
Dithmenos
Elyvilon
Fedhas
Gozag
Makhleb
Nemelex Xobeh
Okawaru
Pakellas
Qazlal
Ru
Sif Muna
Vehumet
Xom
Yredelemnul
Zin
The Shining One

Annotations:
D:3 Yehuk's ghost, amateur DsFi


Innate Abilities, Weirdness & Mutations

You are frail (-10% HP).


Message History

Aim: an eight-headed hydra (flame, heavily wounded)
You shoot an arrow. The arrow hits the eight-headed hydra.
The arrow burns the eight-headed hydra.
The eight-headed hydra is heavily wounded.
The eight-headed hydra is engulfed in roaring flames.
The eight-headed hydra bites you. x2; The eight-headed hydra bites you!
* * * LOW HITPOINT WARNING * * *
The eight-headed hydra barely misses you. x3
The eight-headed hydra bites you!
* * * LOW HITPOINT WARNING * * *
The eight-headed hydra completely misses you.
Firing (i - inventory):
f - 80 arrows (quivered)
Press: ? - help, Shift-Dir - straight line, f/p - eight-headed hydra
Aim: an eight-headed hydra (flame, severely wounded)
You shoot an arrow.
The arrow barely misses the eight-headed hydra.
The eight-headed hydra is engulfed in roaring flames.
The eight-headed hydra barely misses you.
The eight-headed hydra bites you.
You die...

.................................
#................................
##...............................
##................#..####P..#.##
#####.P..##.#..###..#####..##..
#P.....#....รท...............
##..........................
#..........................
#.........@......P.........
#..###.##D###..#.###....#..
#######..# ###..........##.......
#.##PP#..###P(...................
.................................
##...............................
#..........).....................
....###..(###......r.#.##P......%
.......>....##...##.##. ##.....#.


You could see an eight-headed hydra.

Vanquished Creatures
  A hydra (Lair:1)
  Erica (D:8)
  Pikel (D:5)
  A komodo dragon (Lair:1)
  2 blink frogs (Lair:1)
  2 wraiths (Ossuary)
  2 wyverns (D:8)
  7 yaks
  3 hippogriffs
  2 porcupines
  A water moccasin (D:8)
  2 sky beasts
  3 ice beasts
  4 orc warriors
  A phantom (D:6)
  2 ogres
  2 wolves (D:8)
  4 centaurs
  6 giant frogs
  2 scorpions
  3 wights (Ossuary)
  2 electric eels (D:8)
  A giant frog zombie (D:8)
  2 centaur zombies
  A jelly (D:6)
  4 orc priests
  A gnoll shaman (D:5)
  3 hounds
  An iguana (D:8)
  7 orc wizards
  4 worker ants
  A hound zombie (D:5)
  2 hound skeletons
  Robin (D:4)
  6 adders
  9 gnolls
  10 river rats
  2 shadow imps (D:7)
  An ooze (D:1)
  3 adder skeletons
  2 adder zombies (Ossuary)
  3 worms
  2 dart slugs (D:2)
  5 giant geckos
  32 orcs
  5 giant cockroaches
  13 goblins
  9 hobgoblins
  10 jackals
  11 kobolds
  9 quokkas
  A ball python (D:4)
  2 ball python skeletons
  10 bats
  A giant gecko skeleton (D:4)
  9 giant newts
  A jackal zombie (D:5)
  A kobold zombie (Ossuary)
  2 orc skeletons (Ossuary)
  An orc zombie (Ossuary)
  A quokka zombie (D:8)
  13 rats
  A butterfly (Temple)
  A fungus (Lair:1)
258 creatures vanquished.

Vanquished Creatures (collateral kills)
  2 yaks (D:8)
  A water moccasin (Lair:1)
  2 orc warriors
  An ogre (D:8)
  A wolf (D:8)
  A crocodile (Lair:1)
  A jelly (D:8)
  A gnoll shaman (D:6)
  4 gnolls
  3 river rats (Lair:1)
  A giant gecko (D:8)
  An orc (D:7)
19 creatures vanquished.

Vanquished Creatures (others)
  A crimson imp (D:5)
  4 butterflies (D:5)
5 creatures vanquished.

Grand Total: 282 creatures vanquished

Notes
Turn   | Place    | Note
--------------------------------------------------------------
     0 | D:1      | nubinia the High Elf Wizard began the quest for the Orb.
     0 | D:1      | Reached XP level 1. HP: 11/11 MP: 6/6
   143 | D:1      | Reached skill level 4 in Spellcasting
   215 | D:1      | Reached XP level 2. HP: 17/17 MP: 2/8
  1432 | D:2      | Reached XP level 3. HP: 21/21 MP: 1/10
  1875 | D:2      | Reached skill level 5 in Spellcasting
  2292 | D:2      | Reached XP level 4. HP: 27/27 MP: 2/12
  2299 | D:2      | Learned a level 2 spell: Repel Missiles
  2303 | D:2      | Learned a level 2 spell: Blink
  2307 | D:2      | Learned a level 3 spell: Mephitic Cloud
  2311 | D:2      | Learned a level 3 spell: Conjure Flame
  3146 | D:3      | Found a white marble altar of Elyvilon.
  3148 | D:3      | Found a shimmering altar of Xom.
  3483 | D:3      | Reached XP level 5. HP: 26/31 MP: 9/14
  3550 | D:3      | Reached skill level 1 in Air Magic
  3575 | D:3      | Noticed Yehuk's ghost (amateur DsFi)
  5103 | D:4      | Noticed Robin
  5112 | D:4      | Killed Robin
  5123 | D:4      | Reached XP level 6. HP: 37/37 MP: 13/15
  5202 | D:5      | Entered Level 5 of the Dungeon
  5202 | D:5      | Found a shadowy altar of Dithmenos.
  5215 | D:5      | Found a staircase to the Ecumenical Temple.
  5219 | Temple   | Entered the Ecumenical Temple
  5269 | Temple   | Became a worshipper of Sif Muna the Loreminder
  5368 | D:5      | Noticed a slave
  5368 | D:5      | Noticed a slave
  5368 | D:5      | Noticed a slave
  5369 | D:5      | Noticed a slave
  5370 | D:5      | Noticed Pikel
  5489 | D:5      | Killed Pikel
  5489 | D:5      | Reached * piety under Sif Muna
  5489 | D:5      | Reached skill level 6 in Spellcasting
  5489 | D:5      | Reached XP level 7. HP: 32/42 MP: 15/17
  5652 | D:5      | Reached skill level 1 in Short Blades
  5657 | D:5      | Reached skill level 1 in Fighting
  5838 | D:5      | Learned a level 1 spell: Animate Skeleton
  5921 | D:5      | Gained mutation: You tend to lose your temper in combat. [mutagenic meat]
  5922 | D:5      | Gained mutation: Your spells are a little easier to cast, but a little less powerful. [mutagenic meat]
  5923 | D:5      | Lost mutation: Your spells are a little easier to cast, but a little less powerful. [potion of cure mutation]
  5923 | D:5      | Lost mutation: You tend to lose your temper in combat. [potion of cure mutation]
  5924 | D:5      | Gained mutation: Your spells are a little harder to cast, but a little more powerful. [mutagenic meat]
  5925 | D:5      | Gained mutation: Your magical capacity is low (-10% MP). [mutagenic meat]
  5951 | D:5      | Reached XP level 8. HP: 48/48 MP: 12/16
  6552 | D:6      | Gained mutation: Armour fits poorly on your strangely shaped body. [potion of mutation]
  6552 | D:6      | Gained mutation: You are frail (-10% HP). [potion of mutation]
  6552 | D:6      | Gained mutation: You are somewhat resistant to further mutation. [potion of mutation]
  6553 | D:6      | Lost mutation: Your magical capacity is low (-10% MP). [potion of cure mutation]
  6553 | D:6      | Lost mutation: Armour fits poorly on your strangely shaped body. [potion of cure mutation]
  6553 | D:6      | Lost mutation: You are somewhat resistant to further mutation. [potion of cure mutation]
  6553 | D:6      | Lost mutation: Your spells are a little harder to cast, but a little more powerful. [potion of cure mutation]
  6640 | D:6      | Reached ** piety under Sif Muna
  6640 | D:6      | Reached skill level 7 in Spellcasting
  6640 | D:6      | Reached skill level 1 in Invocations
  6837 | D:6      | Reached skill level 5 in Conjurations
  6871 | D:6      | Learned a level 3 spell: Regeneration
  7725 | D:7      | Reached XP level 9. HP: 41/47 MP: 21/21
  7752 | D:7      | Reached skill level 5 in Stealth
  7921 | D:7      | Reached skill level 5 in Dodging
  7938 | D:7      | Found a sand-covered staircase.
  7946 | Ossuary  | Entered an ossuary
  8129 | Ossuary  | Reached *** piety under Sif Muna
  8129 | Ossuary  | Reached skill level 1 in Bows
  8129 | Ossuary  | Reached skill level 8 in Spellcasting
  8355 | Ossuary  | Reached skill level 1 in Necromancy
  8785 | D:7      | Reached skill level 5 in Translocations
  9451 | D:8      | Found a staircase to the Lair.
  9516 | D:8      | Found a blossoming altar of Fedhas.
  9856 | D:8      | Reached skill level 5 in Charms
  9940 | D:8      | Reached XP level 10. HP: 44/52 MP: 23/23
 10115 | D:8      | Reached **** piety under Sif Muna
 10213 | D:8      | Reached skill level 5 in Air Magic
 10355 | D:8      | Found a burning altar of Makhleb.
 10356 | D:8      | Found a snail-covered altar of Cheibriados.
 10357 | D:8      | Found a shattered altar of Ashenzari.
 10357 | D:8      | Found a stormy altar of Qazlal.
 10358 | D:8      | Found a radiant altar of Vehumet.
 10359 | D:8      | Found a sparkling altar of Nemelex Xobeh.
 10359 | D:8      | Found a glowing silver altar of Zin.
 10360 | D:8      | Found an iron altar of Okawaru.
 10467 | D:8      | Got a translucent hand crossbow
 10468 | D:8      | Identified the +5 hand crossbow "Yssajivi" {penet, rElec rPois Int-5 Stlth+} (You found it on level 8 of the Dungeon)
 10519 | D:8      | Found a sacrificial altar of Ru.
 10578 | D:8      | Found a glowing golden altar of the Shining One.
 10680 | D:8      | Noticed Erica
 10710 | D:8      | Killed Erica
 10710 | D:8      | Reached skill level 9 in Spellcasting
 10880 | Lair:1   | Entered Level 1 of the Lair of Beasts
 11126 | D:8      | Reached ***** piety under Sif Muna
 11613 | Lair:1   | Noticed a six-headed hydra
 11620 | Lair:1   | HP: 2/54 [six-headed hydra (13)]
 11621 | Lair:1   | Killed a six-headed hydra
 11621 | Lair:1   | Reached skill level 5 in Bows
 11905 | Lair:1   | Reached skill level 10 in Spellcasting
 11905 | Lair:1   | Reached XP level 11. HP: 57/57 MP: 25/26
 12100 | Lair:1   | Noticed an eight-headed hydra
 12127 | Lair:1   | Slain by an eight-headed hydra

Vault maps used:
D:1:      minmay_arrival_nine_rooms
D:2:      serial_bayou, serial_bayou_pond_b, serial_bayou_pond_d,
          serial_bayou_pond_a, serial_bayou_lake_a, serial_bayou_ford_a,
          serial_bayou_pond_c
D:3:      gammafunk_temple_overflow_pools, first_bread
D:4:      uniq_robin
D:5:      overflow_temple_1_default, minmay_temple_entry_butterflies, uniq_pikel
D:7:      enter_ossuary_2
D:8:      minmay_four_partial_circles, lemuel_coloured_pillars_altar,
          grunt_temple_overflow_open, nicolae_tso_swordbearing_angel,
          lemuel_round_altar, serial_bayou, serial_bayou_lagoon_a,
          serial_bayou_pond_a, uniq_erica
Temple:   temple_of_Zot_ovaries
Lair:1:   statuecave_lemuel, infiniplex_staircase_pool
Ossuary:  ossuary_due_cavern

Skill      XL: |  1  2  3  4  5  6  7  8  9 10 11 |
---------------+----------------------------------+-----
Spellcasting   | 4 5 6 7 8 10 | 10.2
Conjurations   | 2 4 5 6 7 |  7.1
Air Magic      | 2 3 4 6 |  6.1
Dodging        | 3 4 5 6 |  6.0
Stealth        | 3 4 5 |  5.5
Charms         | 2 3 5 6 |  6.3
Translocations | 2 4 5 6 |  6.4
Short Blades   | 1 2 |  2.4
Fighting       | 1 |  1.9
Invocations    | 1 2 |  2.1
Bows           | 3 5 |  5.7
Necromancy     | 1 2 |  2.0
Summonings     | |  0.8

Action                   |  1- 3 |  4- 6 |  7- 9 | 10-12 || total
-------------------------+-------+-------+-------+-------++-------
Melee: Unarmed           |     4 |       |       |       ||     4
       Dagger            |    10 |   127 |   260 |    24 ||   421
 Fire: Shortbow          |       |       |    97 |   171 ||   268
 Cast: Magic Dart        |   113 |   124 |   178 |     7 ||   422
       Mephitic Cloud    |       |    11 |    36 |    40 ||    87
       Repel Missiles    |       |     2 |     2 |     2 ||     6
       Animate Skeleton  |       |       |    19 |    19 ||    38
       Regeneration      |       |       |     3 |     3 ||     6
       Conjure Flame     |       |       |     7 |     1 ||     8
       Blink             |       |       |       |     5 ||     5
Invok: Channel Energy    |       |       |    24 |     4 ||    28
Evoke: Wand              |       |       |       |     6 ||     6
  Use: Scroll            |     6 |     3 |     5 |     4 ||    18
       Potion            |       |     6 |     6 |       ||    12
 Stab: Confused          |       |     4 |    10 |     1 ||    15
       Sleeping          |       |     3 |    13 |       ||    16
  Eat: Chunk             |     4 |    10 |    21 |     7 ||    42
       Royal jelly       |       |       |     1 |       ||     1
       Beef jerky        |       |       |       |     1 ||     1
Armor: Robe              |     6 |    34 |    48 |    21 ||   109
Dodge: Dodged            |    27 |    93 |   202 |    83 ||   405
       Deflected         |       |     2 |     7 |     2 ||    11
